 Dungeon Crawl Stone Soup version 0.32-a0-732-ga344392067 (webtiles) character file.

Game seed: 6264374037770658840

11253 dolemite99 the Severer (level 11, -5/75 HPs)
             Began as a Coglin Berserker on Mar 16, 2024.
             Was a Priest of Trog.
             Slain by a blink frog (6 damage)
             ... on level 1 of the Lair of Beasts.
             The game lasted 00:10:49 (12520 turns).

dolemite99 the Severer (Coglin Berserker)          Turns: 12520, Time: 00:10:49

Health: -5/75      AC: 11    Str: 21    XL:     11   Next: 74%
Magic:  11/11      EV: 10    Int:  6    God:    Trog [***...]
Gold:   379        SH:  0    Dex: 15    Spells: 10/10 levels left

rFire   . . .        G - +2 war axe (heavy) {Yongsun}
rCold   . . .        C - +3 hand axe {Amenemopet}
rNeg    . . .        g - +2 ring mail {rPois}
rPois   +            y - +1 helmet
rElec   .            (no cloak)
rCorr   .            (no gloves)
SInv    .            i - +1 pair of boots
Will    ++...        (amulet unavailable)
Stlth   +            (ring unavailable)
HPRegen 1.32/turn    (ring unavailable)
MPRegen 0.12/turn    (no gizmo)

%: no passive effects
@: strong-willed, on berserk cooldown, regenerating, slowed, very slow
A: off-hand wielding, slow wielding, warmup strikes, no jewellery
a: Invent Gizmo, Renounce Religion, Berserk, Trog's Hand


You were on level 1 of the Lair of Beasts.
You worshipped Trog.
Trog was most pleased with you.
You visited 2 branches of the dungeon, and saw 11 of its levels.

You collected 379 gold pieces.

Inventory:

Hand Weapons
 a - a +0 hand axe {Liang}
 c - a +0 dagger {Sebastián}
 p - a +0 club
 q - a +0 spear {Edmée}
 r - a +1 dagger of venom {Tae}
 v - a +0 hand axe {Iseul}
 C - a +3 hand axe (offhand) {Amenemopet}
 D - a +3 spear of venom {Illuratum}
 G - a +2 heavy war axe (weapon) {Yongsun}
 H - a +0 morningstar
Armour
 b - a +0 animal skin
 g - a +2 ring mail of poison resistance (worn)
 i - a +1 pair of boots (worn)
 k - a +0 chain mail
 y - a +1 helmet (worn)
Wands
 s - a wand of flame (24)
 x - a wand of warping (18)
 z - a wand of light (27)
 B - a wand of paralysis (10)
Scrolls
 d - 4 scrolls of teleportation
 e - 2 scrolls of noise
 f - 2 scrolls of enchant weapon
 h - 4 scrolls of vulnerability
 j - 7 scrolls of identify {@r1}
 l - a scroll of revelation
 o - a scroll of amnesia
 w - 2 scrolls of fog
 L - a scroll of blinking
Potions
 n - 2 potions of lignification
 t - 2 potions of degeneration
 A - 3 potions of ambrosia
 E - a potion of resistance {unknown}
 F - 3 potions of curing {unknown}
 I - a potion of magic {unknown}
 J - 3 potions of invisibility {unknown}
 K - 2 potions of enlightenment {unknown}
 M - a potion of haste {unknown}
 N - a potion of berserk rage {unknown}
 O - a potion of cancellation {unknown}
Miscellaneous
 u - a tin of tremorstones (inert)


   Skills:
 - Level 3.0 Fighting
 + Level 17.4(17.6) Axes
 - Level 4.5(11.4) Polearms
 - Level 1.7 Armour
 - Level 1.7 Dodging


You had 10 spell levels left.
You didn't know any spells.
Your spell library was empty.

Dungeon Overview and Level Annotations

Branches:
Dungeon (10/15)            Temple (0/1) D:6            Lair (1/5) D:10
    Orc (0/2) D:10

Altars:
Ashenzari
Elyvilon
Xom

Shops:
D:7 [


Innate Abilities, Weirdness & Mutations

You can wield a second weapon in your off-hand.
It takes a long time for you to wield or remove held weapons.
Your first few attacks do less damage.
You cannot equip rings or amulets.


Message History

The blink frog attacks as it pursues you!
The blink frog hits you. The blink frog closely misses you.
The water moccasin closely misses you. The blink frog hits you.
* * * LOW HITPOINT WARNING * * *
The blink frog blinks!
The water moccasin bites you but does no damage.
Aiming: Bolt of Light
Press: ? - help, Shift-Dir - straight line, f - blink frog
Aim: a blink frog (50% to hit)
The bolt of light hits the blink frog!
The blink frog is moderately wounded.
The blink frog is blinded.
The water moccasin barely misses you.
The blink frog hits you but does no damage.
The water moccasin closely misses you.
The blink frog blinks!
Aiming: Bolt of Light
Press: ? - help, Shift-Dir - straight line, f/p - blink frog
Aim: a blink frog (moderately wounded, blind, unable to see you, 50% to hit)
The bolt of light hits the blink frog!
The blink frog is severely wounded.
The blink frog hits you!
* * * LOW HITPOINT WARNING * * *
The water moccasin barely misses you. The blink frog barely misses you.
The blink frog blinks!
The water moccasin bites you but does no damage.
Aiming: Bolt of Light
Press: ? - help, Shift-Dir - straight line, f/p - blink frog
Aim: a blink frog (severely wounded, blind, unable to see you, 50% to hit)
The bolt of light misses the blink frog.
The blink frog blinks!
The water moccasin barely misses you. The blink frog hits you.
* * * LOW HITPOINT WARNING * * *
The blink frog blinks! x2
The water moccasin bites you but does no damage.
The blink frog hits you!
* * * LOW HITPOINT WARNING * * *
The water moccasin bites you.
* * * LOW HITPOINT WARNING * * *
The blink frog blinks!
The water moccasin barely misses you. The blink frog hits you.
You die...

#......'..##........## .
...+.....#####........P# #
###......# #........##
####.### ##..###### #.##
##.#### #†.# ##....# ##†#
#.###.#### #..#
#####..÷.....## #
##.###§F@..........# #..
###..##FS##........##
##...###....F§.###........#
......†......#.###........#
⌠.....⌠#...§.#..##........##
.......+.......###.........#
.#....##.....####.........##
.....##....).# ##........#
....# ####..## #####.#..#


You could see 3 blink frogs and a water moccasin.

Vanquished Creatures
  A two-headed ogre (D:10)
  A skyshark (Lair:1)
  A cane toad (Lair:1)
  A black mamba (Lair:1)
  A gargoyle (D:10)
  2 komodo dragons
  3 trolls
  A blink frog (Lair:1)
  A shadow (D:10)
  A wyvern (D:9)
  11 yaks
  Eustachio (D:6)
  A basilisk (Lair:1)
  Grum (Lair:1)
  A steam dragon (Lair:1)
  Menkaure (D:6)
  9 water moccasins
  Duvessa (D:4)
  2 black bears
  3 ice beasts
  An orc warrior (D:10)
  3 ogres
  8 wolves (Lair:1)
  6 centaurs
  A phantom (D:5)
  A kobold brigand (D:9)
  7 bullfrogs
  2 scorpions
  2 gnoll sergeants
  A wight (D:10)
  Dowan (D:4)
  3 killer bees (D:8)
  4 howler monkeys
  3 bombardier beetles
  2 hounds (D:5)
  A jelly (D:7)
  3 orc priests
  2 iguanas (D:5)
  2 sleepcaps
  2 gnoll boudas (D:9)
  Terence (D:2)
  Natasha (thrice) (D:4)
  8 orc wizards
  Robin (D:4)
  18 gnolls
  11 adders
  2 white imps (D:7)
  2 ufetubi (D:6)
  5 dart slugs
  2 ribbon worms (D:3)
  29 orcs
  8 ball pythons
  6 bats
  8 endoplasms
  5 giant cockroaches
  14 goblins
  10 hobgoblins
  8 kobolds
  3 quokkas
  5 frilled lizards
  6 rats
254 creatures vanquished.

Notes
Turn   | Place    | Note
-------+----------+-------------------------------------------
     0 | D:1      | dolemite99 the Coglin Berserker began the quest for the
                  | Orb.
     0 | D:1      | Reached XP level 1. HP: 18/18 MP: 1/1
    99 | D:1      | Reached XP level 2. HP: 24/24 MP: 2/2
   438 | D:1      | Reached skill level 4 in Axes
   584 | D:1      | Reached XP level 3. HP: 29/29 MP: 3/3
   749 | D:2      | Reached ** piety under Trog
   901 | D:2      | Noticed Terence
   908 | D:2      | Killed Terence
   909 | D:2      | Reached skill level 5 in Axes
   909 | D:2      | Reached XP level 4. HP: 35/35 MP: 4/4
  1429 | D:3      | Noticed an ice beast
  1438 | D:3      | Killed an ice beast
  1439 | D:3      | Reached skill level 6 in Axes
  1439 | D:3      | Reached XP level 5. HP: 41/41 MP: 5/5
  1495 | D:3      | Reached XP level 6. HP: 47/47 MP: 6/6
  1650 | D:3      | Reached skill level 7 in Axes
  1962 | D:3      | Found a faded altar of an unknown god.
  2260 | D:4      | Noticed Duvessa
  2260 | D:4      | Noticed Dowan
  2388 | D:4      | Killed Duvessa
  2389 | D:4      | Reached XP level 7. HP: 52/52 MP: 7/7
  2389 | D:4      | Killed Dowan
  2390 | D:4      | Reached skill level 8 in Axes
  2660 | D:4      | Noticed Natasha
  2670 | D:4      | Killed Natasha
  3151 | D:4      | Noticed Natasha
  3158 | D:4      | Killed Natasha
  3187 | D:4      | Noticed Natasha
  3196 | D:4      | Killed Natasha
  3413 | D:4      | Noticed Robin
  3422 | D:4      | Killed Robin
  3798 | D:5      | Entered Level 5 of the Dungeon
  3810 | D:5      | Reached skill level 9 in Axes
  3865 | D:5      | Reached XP level 8. HP: 58/58 MP: 8/8
  4140 | D:5      | Found a shimmering altar of Xom.
  4176 | D:5      | Reached skill level 10 in Axes
  4617 | D:6      | Noticed Eustachio
  4626 | D:6      | Killed Eustachio
  4627 | D:6      | Reached skill level 11 in Axes
  4728 | D:6      | Reached *** piety under Trog
  4733 | D:6      | Reached XP level 9. HP: 53/63 MP: 9/9
  5468 | D:6      | Reached skill level 1 in Polearms
  5564 | D:6      | Noticed Menkaure
  5569 | D:6      | Killed Menkaure
  6060 | D:6      | Found a staircase to the Ecumenical Temple.
  6382 | D:7      | Found Udottok's Armour Boutique.
  6603 | D:7      | Reached skill level 12 in Axes
  7922 | D:9      | Reached skill level 13 in Axes
  7922 | D:9      | Reached XP level 10. HP: 70/70 MP: 10/10
  8541 | D:9      | Reached skill level 14 in Axes
  8699 | D:9      | Noticed a manticore
  8699 | D:9      | Noticed a purple ugly thing
  8699 | D:9      | Noticed a cane toad
  8699 | D:9      | Noticed a centaur warrior
  8699 | D:9      | Noticed a two-headed ogre
  8699 | D:9      | Noticed a cyclops
  8741 | D:9      | Noticed a tengu warrior
  8741 | D:9      | Noticed a centaur warrior
  8753 | D:9      | Noticed a manticore
  8765 | D:9      | Noticed an entropy weaver
  8765 | D:9      | Noticed a boulder beetle
  8939 | D:10     | Entered Level 10 of the Dungeon
  8958 | D:10     | Found a staircase to the Lair.
  9521 | D:10     | Reached skill level 15 in Axes
  9556 | D:10     | Noticed a gargoyle
  9572 | D:10     | Killed a gargoyle
  9588 | D:10     | Reached XP level 11. HP: 15/75 MP: 11/11
  9855 | D:10     | Found a broken altar of Ashenzari.
  9862 | D:10     | Found a white marble altar of Elyvilon.
  9972 | D:10     | Noticed a two-headed ogre
  9976 | D:10     | Killed a two-headed ogre
  9977 | D:10     | Reached skill level 16 in Axes
 10206 | D:10     | Found a staircase to the Orcish Mines.
 10986 | Lair:1   | Entered Level 1 of the Lair of Beasts
 11198 | Lair:1   | Noticed a skyshark
 11207 | Lair:1   | Killed a skyshark
 12209 | Lair:1   | Noticed Grum
 12217 | Lair:1   | Reached skill level 17 in Axes
 12221 | Lair:1   | Killed Grum
 12510 | Lair:1   | HP: 3/75 [shot self (3)]
 12520 | Lair:1   | HP: 1/75 [water moccasin (5)]
 12520 | Lair:1   | Slain by a blink frog

Illustrated notes

Levels and vault maps discovered:
D:1:      ncdulo_watergridlock, layout_loops_cross
D:2:      layout_rooms, uniq_terence
D:3:      layout_loops_ring, shapermc_ecumenical_altar_ellora,
          solitary_fountain, minmay_checkerbox
D:4:      layout_cave_pods, uniq_natasha, uniq_duvessa, uniq_robin
D:5:      layout_rooms, xom_butterflies
D:6:      layout_basic, minmay_temple_entry_nine_rooms, uniq_eustachio,
          uniq_menkaure
D:7:      layout_layer_cave, serial_shops, shop
D:8:      layout_basic
D:9:      layout_roguey, hangedman_decor_growths, minivault_12
D:10:     layout_small_grid, mainiacjoe_overflow_large_starburst,
          due_lair_maze_entry_diamond, david_orc_2, statue_in_the_mist_lemuel
Lair:1:   layout_roguey, gauntlet_entry_generic, serial_bayou_pond_e,
          infiniplex_staircase_pool_2, grunt_megastairs_5, uniq_nergalle,
          uniq_grum, uniq_erica

Skill      XL: |  1  2  3  4  5  6  7  8  9 10 11 |
---------------+----------------------------------+-----
Axes           | 4 5 6 7 9 11 13 15 17 | 17.4
Polearms       | 4 |  4.5
Fighting       | |  3.0
Armour         | |  1.7
Dodging        | |  1.7

Action                     |  1- 3 |  4- 6 |  7- 9 | 10-12 || total
---------------------------+-------+-------+-------+-------++-------
  Melee: Hand axe          |    77 |    91 |   316 |   146 ||   630
         Dagger            |    72 |    48 |       |       ||   120
         Spear             |       |     8 |    41 |       ||    49
         War axe           |       |       |    27 |   167 ||   194
 Invoke: Berserk           |     1 |     6 |    11 |     9 ||    27
         Trog's Hand       |       |     2 |     9 |     8 ||    19
  Evoke: Wand              |       |       |       |     3 ||     3
         Tin of tremorston |       |       |       |     2 ||     2
    Use: Scroll            |       |       |    11 |     3 ||    14
         Potion            |       |       |       |     1 ||     1
   Stab: Sleeping          |     3 |       |       |       ||     3
 Armour: Animal skin       |    16 |       |       |       ||    16
         Ring mail         |    34 |    70 |   208 |   216 ||   528
  Dodge: Dodged            |    68 |    44 |   152 |   124 ||   388

Table legend: (Time is in decaauts)
 A = Elapsed time spent in this place.
 B = Non-inter-level travel time spent in this place.
 C = Inter-level travel time spent in this place.
 D = Time resting spent in this place.
 E = Time spent auto-exploring this place.
 F = Levels seen in this place.
 G = Mean time per level.
                   A        B        C        D        E       F      G
               +--------+--------+--------+--------+--------+-----+--------+
         Total |  12723 |  12467 |    256 |   6184 |   4522 |  11 | 1156.6 |
       Dungeon |  11171 |  10915 |    256 |   4983 |   4326 |  10 | 1117.1 |
          Lair |   1551 |   1551 |      0 |   1201 |    196 |   1 | 1551.0 |
               +--------+--------+--------+--------+--------+-----+--------+

Top non-repeatable levels by time:
     D:6: 1729 daAuts
     D:9: 1634 daAuts
  Lair:1: 1551 daAuts
    D:10: 1551 daAuts
     D:4: 1536 daAuts
     D:3: 1029 daAuts
     D:8: 847 daAuts
     D:5: 796 daAuts
     D:7: 739 daAuts
     D:1: 674 daAuts
     D:2: 632 daAuts
